 Dungeon Crawl Stone Soup version 0.31-a0-167-g1c394c0614 (webtiles) character file.

Game seed: 3629626776021161412

50 CowFu the Insei (level 3, -5/26 HPs)
             Began as a Demonspawn Transmuter on June 15, 2023.
             Was a Follower of Vehumet.
             Slain by an orc
             ... wielding a +0 hand axe
              (6 damage)
             ... on level 3 of the Dungeon.
             The game lasted 00:01:47 (1857 turns).

CowFu the Insei (Demonspawn Transmuter)             Turns: 1857, Time: 00:01:48

Health: -5/26      AC:  2    Str: 10    XL:     3   Next: 55%
Magic:  4/6        EV: 12    Int: 14    God:    Vehumet [*.....]
Gold:   171        SH:  0    Dex: 15    Spells: 2/6 levels left

rFire   . .          .
                       - Unarmed
rCold   . . .        (no shield)
rNeg    . . .        a - +0 robe
rPois   .            (helmet currently unavailable)
rElec   .            (no cloak)
rCorr   .            (no gloves)
SInv    .            (boots currently unavailable)
Will    .....        (no amulet)
Stlth   +            k - ring of wizardry
HPRegen 0.24/turn    (no ring)
MPRegen 0.10/turn

%: wizardry (x1)
@: appendages, wereblooded
A: horns 2, talons 2, condensation shield
a: End Transformation, Renounce Religion


You were on level 3 of the Dungeon.
You worshipped Vehumet.
Vehumet was aware of your devotion.
You had temporarily grown beastly horns and talons.
You visited 1 branch of the dungeon, and saw 3 of its levels.

You collected 171 gold pieces.

Inventory:

Armour
 a - a +0 robe (worn)
Jewellery
 k - a ring of wizardry (left hand)
Scrolls
 d - 6 scrolls of identify {unknown}
 e - a scroll of enchant armour {unknown}
 g - a scroll of enchant weapon {unknown}
 h - a scroll of vulnerability {unknown}
 i - a scroll of amnesia {unknown}
Potions
 b - 2 potions of lignification
 c - a potion of might {unknown}
 f - a potion of haste {unknown}
 j - a potion of attraction {unknown}
 l - a potion of curing {unknown}


   Skills:
 - Level 1.0 Fighting
 - Level 1.7 Dodging
 + Level 3.5 Unarmed Combat
 - Level 2.0 Spellcasting
 + Level 2.8 Transmutations


You had 2 spell levels left.
You knew the following spells:

 Your Spells              Type           Power      Damage    Failure   Level
a - Beastly Appendage     Tmut           18%        N/A       3%          1
b - Kiss of Death         Conj/Necr      4%         2d5       10%         1
c - Wereblood             Tmut           9%         N/A       4%          2

Your spell library contained the following spells:

 Spells                   Type           Power      Damage    Failure   Level
 Freeze                   Ice            4%         1d3       10%         1
 Spider Form              Tmut/Pois      5%         N/A       16%         3
 Frozen Ramparts          Ice            2%         1d1       26%         3
 Hailstorm                Conj/Ice       1%         3d3       26%         3
 Ice Form                 Ice/Tmut       5%         N/A       45%         4


Dungeon Overview and Level Annotations

Branches:
Dungeon (3/15)

Altars:
Nemelex Xobeh
Vehumet


Innate Abilities, Weirdness & Mutations

You have temporarily grown beastly horns and talons.
A meltable shield of frost defends you. (SH +0)


Message History

You are too confused!
You are too confused!
You are too confused!
You are too confused!
You are too confused!
You're too confused to cast spells.
You're too confused to cast spells.
The orc closely misses you.
The orc wizard hits you with a +0 dagger.
You're too confused to cast spells.
You feel less confused.
Casting: Wereblood (safe; 4% risk of failure)
Confirm with . or Enter, or press ? or * to list all spells.
You grow a pair of large bovine horns.
Your feet morph into talons.
The orc wizard gestures at you while chanting.
The puff of flame hits you!
Your condensation shield dissipates!
You hit the orc wizard but do no damage.
You claw the orc wizard.
The orc wizard is lightly wounded.
You hit the orc wizard. You claw the orc wizard.
Your headbutt misses the orc wizard.
The orc wizard is severely wounded.
The orc wizard hits you with a +0 dagger.
You closely miss the orc wizard.
The orc wizard is severely wounded.
You hit the orc but do no damage. The orc hits you but does no damage.
The orc wizard hits you with a +0 dagger.
The orc closely misses you.
You hit the orc wizard. Your kick misses the orc wizard.
The orc wizard is almost dead.
The orc wizard hits you with a +0 dagger.
The orc hits you with a +0 hand axe.
* * * LOW HITPOINT WARNING * * *
The orc hits you with a +0 short sword.
* * * LOW HITPOINT WARNING * * *
You hit the orc wizard.
The orc wizard is almost dead.
The orc wizard barely misses you. The orc hits you with a +0 hand axe.
You die...

#############
##.......oo..##########
........go@...........#
##.#.#...###..........#
#....g..##########.#
#..........# #.#
#..........# #.#
.....#...##.# #.#
##.......# .# #.#
#####..## # #.# #..
#.##


You could see an orc wizard, 2 orcs and a hobgoblin.

Vanquished Creatures
  2 adders (D:2)
  A worm (D:2)
  A dart slug (D:2)
  2 bats
  2 endoplasms
  A giant cockroach (D:1)
  A goblin (D:1)
  A hobgoblin (D:1)
  8 kobolds
  2 quokkas (D:1)
  2 ball pythons
  2 frilled lizards
  2 rats
27 creatures vanquished.

Notes
Turn   | Place    | Note
-------+----------+-------------------------------------------
     0 | D:1      | CowFu the Demonspawn Transmuter began the quest for the
                  | Orb.
     0 | D:1      | Reached XP level 1. HP: 15/15 MP: 3/3
   270 | D:1      | Found a faded altar of an unknown god.
   289 | D:1      | Reached skill level 3 in Unarmed Combat
   289 | D:1      | Gained mutation: A meltable shield of frost defends you.
                  | (SH +0) [demonic ancestry]
   289 | D:1      | Reached XP level 2. HP: 8/21 MP: 1/5
   292 | D:1      | Prayed at the altar of an unknown god.
   292 | D:1      | Became a worshipper of Vehumet
   292 | D:1      | Reached * piety under Vehumet
   292 | D:1      | Offered knowledge of Kiss of Death by Vehumet.
  1002 | D:2      | Identified the +0 plate armour of Dechacze {rF+}
  1194 | D:2      | Reached XP level 3. HP: 21/26 MP: 4/6
  1219 | D:2      | Found a sparkling altar of Nemelex Xobeh.
  1571 | D:2      | Learned a level 1 spell: Kiss of Death
  1675 | D:2      | Learned a level 2 spell: Wereblood
  1856 | D:3      | HP: 1/26 [orc/+0 short sword (5)]
  1857 | D:3      | Slain by an orc

Illustrated notes

Levels and vault maps discovered:
D:1:      dpeg_arrival_three_same_balls, layout_basic, basic_ecumenical_altar
D:2:      minmay_kobold_bridge, layout_basic, basic_altar
D:3:      layout_loops_ring, mainiacjoe_overflow_small_starburst,
          gammafunk_temple_overflow_pools, pdpol_wu_jian_five_deadly_venoms

Skill      XL: |  1 |
---------------+----+-----
Transmutations | 2 |  2.8
Unarmed Combat | 3 |  3.5
Fighting       | |  1.0
Dodging        | |  1.7
Spellcasting   | |  2.0

Action                     || total
---------------------------++-------
  Melee: Unarmed           ||    82
         Kick              ||    15
         Headbutt          ||    10
         Punch             ||     2
   Cast: Beastly Appendage ||    34
         Wereblood         ||     2
   Stab: Sleeping          ||     2
 Armour: Robe              ||    15
  Dodge: Dodged            ||    38
  Block: Other             ||     5

Table legend: (Time is in decaauts)
 A = Elapsed time spent in this place.
 B = Non-inter-level travel time spent in this place.
 C = Inter-level travel time spent in this place.
 D = Time resting spent in this place.
 E = Time spent auto-exploring this place.
 F = Levels seen in this place.
 G = Mean time per level.
                   A        B        C        D        E       F      G
               +--------+--------+--------+--------+--------+-----+--------+
         Total |   1851 |   1822 |     29 |      0 |   1569 |   3 |  617.0 |
       Dungeon |   1851 |   1822 |     29 |      0 |   1569 |   3 |  617.0 |
               +--------+--------+--------+--------+--------+-----+--------+

Top non-repeatable levels by time:
     D:2: 1036 daAuts
     D:1: 751 daAuts
     D:3: 64 daAuts
